[Event "Early-Titled-Tuesday-Blitz-April-16-2024"]
[Site "Chess.com"]
[Date "2024.04.16"]
[Round "11"]
[White "Chessbard1972"]
[Black "CristianS27"]
[Result "0-1"]
[WhiteElo "2370"]
[BlackElo "2535"]
[TimeControl "180+1"]
[EndTime "10:13:16 PDT"]
[Termination "CristianS27 won on time"]

1. d4 Nf6 2. c4 g6 3. Nf3 Bg7 4. g3 O-O 5. Bg2 d6 6. O-O Nc6 7. Nc3 a6 8. Qd3 e5 9. dxe5 dxe5 10. Qxd8 Rxd8 11. Bg5 Re8 12. Nd5 Nxd5 13. cxd5 Nd4 14. e4 Nxf3+ 15. Bxf3 f5 16. Rac1 fxe4 17. Bxe4 Bh3 18.
Rfe1 Rac8 19. f3 Bf5 20. Rc4 Bf8 21. Rec1 Bd6 22. Kf2 Kg7 23. Be3 Rf8 24. Ke2 h5 25. h4 Rf7 26. Bc5 Rcf8 27. Bxd6 cxd6 28. Rc7 Kf6 29. Ke3 Rxc7 30. Rxc7 Rf7 31. Rc3 Bxe4 32. Kxe4 g5 33. hxg5+ Kxg5 34. Rc8 Rg7 35. Rd8 Rg6 36.
Rd7 Kh6 37. Kf5 Rg5+ 38. Ke6 Rxg3 39. Kxd6 Rxf3 40. Kxe5 h4 41. Rd8 Kg7 42. Rd7+ Kg6 43. Ke4 Rf7 44. Rd8 h3 45. Rg8+ Rg7 46. Rf8 h2 47.
Rf1 Rh7 48. Rh1 Kf6 49. Kd4 b6 50. Rf1+ Ke7 51. Rh1 Kd6 52. Ke4 Rh4+ 53. Kf3 Kxd5 54. Kg3 Rh8 55. Kg2 Kd4 56. Rd1+ Kc4 57. Kh1 b5 58.
Rd6 a5 59. Ra6 a4 60. Rb6 Rd8 61. Kxh2 Rd2+ 62. Kg3 Rxb2 63. a3 Rb3+ 64. Kf4 Rxa3 65. Ke4 Ra1 66. Rc6+ Kb3 67. Kd3 Rd1+ 68. Ke2 Rd8 0-1

[Event "Early-Titled-Tuesday-Blitz-April-16-2024"]
[Site "Chess.com"]
[Date "2024.04.16"]
[Round "11"]
[White "Abund"]
[Black "DominguezOnYoutube"]
[Result "0-1"]
[WhiteElo "2812"]
[BlackElo "2936"]
[TimeControl "180+1"]
[EndTime "10:13:17 PDT"]
[Termination "DominguezOnYoutube won by resignation"]

1. e4 c5 2. Nf3 d6 3. Bb5+ Nd7 4. c3 Nf6 5. Qe2 a6 6. Ba4 b5 7. Bc2 Bb7 8. d4 cxd4 9. cxd4 g6 10. O-O Bg7 11. a3 Rc8 12. Nc3 O-O 13. h3 Nb6 14.
Rd1 Qc7 15. Bd3 Rfe8 16. Bf4 e5 17. dxe5 dxe5 18. Bh2 Nh5 19. Qe3 Nf4 20. Bf1 Bh6 21.
Kh1 Kg7 22. Qe1 Nc4 23. Bxc4 Qxc4 24. Rd7 Bc6 25. Rd6 a5 26. Rad1 b4 27. axb4 axb4 28. Nd5 Bxd5 29. exd5 e4 30. Ng1 Qc5 31. Bxf4 Bxf4 32.
Rc6 Rxc6 33. dxc6 Qxc6 34. Qxb4 Be5 35. b3 Rb8 36. Qc4 Qxc4 37. bxc4 Rb2 38. Re1 f5 39.
f3 Bc3 40. Rd1 e3 41. Rd3 Bd2 42. Ne2 Rc2 43. Rd4 g5 44. h4 h6 45. hxg5 hxg5 46. f4 g4 47. Ng3 Kf6 48. Rd5 Ke6 49.
Re5+ Kd7 50. Nxf5 Rxc4 51. g3 Rc1+ 52. Kg2 Rc2 53. Nd4 Rb2 54. Kf1 Rb1+ 55. Ke2 Rg1 56.
Nf5 Rg2+ 57. Kd3 Kc6 58. Kd4 e2 59. Rxe2 Rxe2 60. Kd3 Rg2 61. Ke4 Be1 62. Ne3 Rxg3 63. f5 Rg1 64. Kf4 Bd2 65. Ke4 Bxe3 66. Kxe3 Rf1 67.
Ke4 g3 0-1

[Event "Early-Titled-Tuesday-Blitz-April-16-2024"]
[Site "Chess.com"]
[Date "2024.04.16"]
[Round "11"]
[White "InitiatingASC"]
[Black "Bilan_Danila"]
[Result "0-1"]
[WhiteElo "2363"]
[BlackElo "2511"]
[TimeControl "180+1"]
[EndTime "10:13:17 PDT"]
[Termination "Bilan_Danila won by resignation"]

1. d4 d5 2. c4 c6 3. Nf3 Nf6 4.
g3 Bf5 5. Bg2 e6 6. O-O h6 7. b3 Nbd7 8. Bb2 Bd6 9. Nbd2 O-O 10.
Ne5 Qe7 11. Nxd7 Qxd7 12. Re1 Rfd8 13. e4 dxe4 14. Nxe4 Nxe4 15. Bxe4 Bxe4 16. Rxe4 Be7 17. Qe2 Bf6 18. Rd1 Qc7 19. Re3 Rd7 20. Red3 Rad8 21. Bc3 b5 22. Qb2 bxc4 23. bxc4 Qb7 24. Qa3 e5 25.
Ba5 Re8 26. dxe5 Rxd3 27. Qxd3 Rxe5 28. Bc3 Re6 29. Bxf6 Rxf6 30. Qd8+ Kh7 31. Qd3+ g6 32. Qd7 Qb2 33. Qd4 Qxd4 34. Rxd4 c5 35. Rd7 Ra6 36.
Rxf7+ Kg8 37. Rc7 Rxa2 38. Rxc5 Kg7 39. Rb5 h5 40. c5 Rc2 41. Rb7+ Kh6 42. Rxa7 Rxc5 43.
h4 Rc2 44. Kg2 Rb2 45. Re7 Rc2 46. Kf3 Rc3+ 47. Re3 Rc4 48. Ra3 Rb4 49. Ke3 Rc4 50. Ra2 Rb4 51. Kd3 Rg4 52. Ke3 Rb4 53. Kf3 Rc4 54. Ra3 Rb4 55. Re3 Rc4 56. Re8 Rb4 57.
Rh8+ Kg7 58. Re8 Kh6 59. Re4 Rb3+ 60. Kf4 Rb5 61. f3 Rb1 62. Ra4 Rb7 63. g4 Rf7+ 64.
Kg3 hxg4 65. fxg4 Kg7 66. Ra6 Rc7 67. Re6 Rb7 68. Kf4 Rf7+ 69. Kg5 Kh7 70. Rxg6 Rb7 71. h5 Rb4 72. Kh4 Rb1 73. Ra6 Rb7 74. Rf6 Rd7 75. Kg5 Rg7+ 76. Kf5 Rb7 77. Re6 Rf7+ 78. Ke5 Rg7 79.
Kf4 Rf7+ 80. Kg5 Rg7+ 81. Kh4 Rb7 82. g5 Rb4+ 83. Kg3 Kg7 84. Re7+ Kf8 85. Re4 Rxe4 86. Kf3 Ra4 87. g6 Kg7 0-1

[Event "Early-Titled-Tuesday-Blitz-April-16-2024"]
[Site "Chess.com"]
[Date "2024.04.16"]
[Round "11"]
[White "Kotofeyca"]
[Black "maracayo"]
[Result "1/2-1/2"]
[WhiteElo "2474"]
[BlackElo "2365"]
[TimeControl "180+1"]
[EndTime "10:13:17 PDT"]
[Termination "Game drawn by stalemate"]

1. d4 d6 2. c4 Nf6 3. Nc3 e5 4. Nf3 Nbd7 5. e4 Be7 6. Be2 O-O 7. O-O exd4 8. Nxd4 Ne5 9. h3 Re8 10. Be3 c6 11.
Qd2 h6 12. Rad1 Bf8 13. b3 Qc7 14. f4 Ng6 15. Bf3 a6 16. g4 Bd7 17. Nf5 Bxf5 18.
gxf5 Ne7 19. Bd4 Nd7 20. Kh2 Kh8 21. Rg1 Ng8 22. Rde1 b5 23. Rg3 b4 24. Nd1 Ndf6 25. Nf2 Rad8 26. Qe3 c5 27. Bb2 d5 28. e5 d4 29. Qe2 Nh7 30. Reg1 f6 31. Nd3 a5 32. Bc1 a4 33. Bd5 axb3 34. axb3 Rxd5 35. cxd5 c4 36. bxc4 Qxc4 37. Qg2 Re7 38. d6 Ra7 39. e6 Ra2 40.
Bb2 Ng5 41. fxg5 fxg5 42. e7 Nxe7 43. dxe7 Bxe7 44. Kh1 Bd6 45. Rf3 b3 46. f6 gxf6 47. Qg4 Be5 48. Nxe5 Qd5 49. Ng6+ Kg7 50. Qf5 Qxf5 51.
Rxf5 Kxg6 52. Rgf1 Rxb2 53. Rxf6+ Kh5 54. Rb6 d3 55.
Rd1 Rc2 56. Rxd3 b2 57. Rdb3 Rc1+ 58. Kg2 Rc2+ 59. Kg3 b1=Q 60. Rxb1 Rc3+ 61. Kg2 Rc2+ 62. Kg1 Kh4 63. R1b3 h5 64. R6b4+ g4 65. hxg4 hxg4 66.
Ra3 Rc1+ 67. Kg2 Rc2+ 68. Kf1 Rc1+ 69. Kf2 Rc2+ 70. Ke1 Rc1+ 71. Ke2 Rh1 72. Raa4 Rh2+ 73. Kf1 Kh3 74. Rxg4 Rg2 75. Rxg2 1/2-1/2

[Event "Early-Titled-Tuesday-Blitz-April-16-2024"]
[Site "Chess.com"]
[Date "2024.04.16"]
[Round "11"]
[White "RedFirePanda"]
[Black "littlepinkyboy"]
[Result "1/2-1/2"]
[WhiteElo "2484"]
[BlackElo "2653"]
[TimeControl "180+1"]
[EndTime "10:13:19 PDT"]
[Termination "Game drawn by repetition"]

1. d4 d5 2. Bf4 Nf6 3. e3 e6 4.
Nf3 c5 5. c3 Nc6 6. Nbd2 Bd6 7.
Bg3 O-O 8. Bd3 b6 9. O-O Bb7 10. Re1 Ne7 11. Qe2 Nf5 12. dxc5 bxc5 13. e4 dxe4 14. Nxe4 Nxe4 15. Bxe4 Bxe4 16. Qxe4 Bxg3 17. hxg3 Rb8 18. b3 Qc7 19. c4 Rbd8 20. Red1 Qa5 21. Qc2 Rxd1+ 22. Rxd1 Rd8 23. Rxd8+ Qxd8 24. Qd2 Qxd2 25.
Nxd2 Nd6 26. Kf1 e5 27. Ke2 f5 28. Nf3 Nf7 29. Ne1 e4 30. f3 Nd6 31. Nc2 Kf7 32. Ne3 Ke6 33. Nd5 g5 34. Ke3 exf3 35. gxf3 h5 36. Nc7+ Kd7 37. Nd5 Ke6 38. Nc7+ Ke5 39. Nd5 f4+ 40. gxf4+ gxf4+ 41. Kf2 Nf5 42. Nc7 Nd4 43.
Na6 Kd6 44. b4 Ne6 45. bxc5+ Nxc5 46. Nb4 a5 47. Nd5 Nd3+ 48. Kg2 Kc5 49. Nf6 h4 50. Kh3 Kxc4 51. Kxh4 Ne5 52. Kg5 Nxf3+ 53. Kxf4 Nd4 54. Ke3 Nc2+ 55. Kd2 Nb4 56. Kc1 Nxa2+ 57. Kb2 Nc3 58. Ka1 a4 59. Nd7 Nb5 60. Ne5+ Kb3 61. Nd3 a3 62.
Nc1+ Ka4 63. Ne2 Kb4 64. Ka2 Ka4 65. Ka1 Kb3 66. Nc1+ Kc2 67. Ne2 Kb3 68. Nc1+ 1/2-1/2

[Event "Early-Titled-Tuesday-Blitz-April-16-2024"]
[Site "Chess.com"]
[Date "2024.04.16"]
[Round "11"]
[White "AnishOnYoutube"]
[Black "HansOnTwitch"]
[Result "0-1"]
[WhiteElo "3058"]
[BlackElo "3164"]
[TimeControl "180+1"]
[EndTime "10:13:21 PDT"]
[Termination "HansOnTwitch won by resignation"]

1. c4 Nf6 2. Nc3 e5 3. Nf3 Nc6 4. d3 d5 5. cxd5 Nxd5 6. g3 Nxc3 7. bxc3 Bd6 8. Bg2 O-O 9. O-O h6 10. Nd2 Be6 11. a4 Re8 12. a5 a6 13. Nc4 Bxc4 14.
dxc4 e4 15. Qc2 Qe7 16. Be3 Qe6 17. c5 Bf8 18. Rfb1 Rab8 19. Qa2 Qxa2 20. Rxa2 f5 21.
Bd4 Na7 22. Bh3 g6 23. g4 f4 24. e3 f3 25. Bf1 c6 26. Rab2 Nb5 27. Bc4+ Kh7 28.
Bxb5 cxb5 29. c4 Rbc8 30. cxb5 Bxc5 31. bxa6 bxa6 32. Rb7+ Kg8 33. Rg7+ Kf8 34. Rxg6 Bxd4 35. exd4 Rc2 36. Rxh6 Kg7 37. Rxa6 e3 38. fxe3 Rec8 39.
h3 Rg2+ 40. Kh1 Rgc2 41. g5 Rc1+ 42. Rxc1 Rxc1+ 43. Kh2 f2 44. Rf6 f1=Q 45. Rxf1 Rxf1 46. Kg3 Rf5 47. h4 Rxa5 48. Kf4 Ra1 49. e4 Kg6 50. d5 Rh1 51. Kg4 Rg1+ 52. Kf4 Rd1 53. Kg4 Rg1+ 54. Kf4 Rf1+ 55. Ke5 Rg1 56. d6 Kf7 57.
Kf5 Rf1+ 58. Ke5 Rh1 59. Kd5 Rxh4 60. e5 Rh1 61. e6+ Ke8 62. Ke5 Re1+ 63. Kf6 Rf1+ 64. Kg7 Re1 65. Kf6 Rf1+ 66. Kg6 Rd1 67. Kf6 Rxd6 68. g6 Rd1 69. Kg7 Rg1 70. Kh7 Kf8 71.
Kh6 Rh1+ 72. Kg5 Kg7 73. Kf5 Re1 74. Kg5 Re5+ 0-1

[Event "Early-Titled-Tuesday-Blitz-April-16-2024"]
[Site "Chess.com"]
[Date "2024.04.16"]
[Round "11"]
[White "BardArtem"]
[Black "Mikhail_Golubev"]
[Result "1-0"]
[WhiteElo "2834"]
[BlackElo "2590"]
[TimeControl "180+1"]
[EndTime "10:13:22 PDT"]
[Termination "BardArtem won on time"]

1. e4 c5 2. c3 Nf6 3. e5 Nd5 4. Nf3 Nc6 5. Bc4 Nb6 6. Bb3 d6 7. exd6 c4 8. Bc2 Qxd6 9. O-O Bg4 10. h3 Bh5 11. b3 e5 12. Re1 Be7 13. Na3 cxb3 14. axb3 O-O 15. Nc4 Nxc4 16. bxc4 f5 17.
d3 Rad8 18. Qe2 Kh8 19. Qe3 f4 20. Qe4 Bg6 21. Qe2 Bxd3 22. Bxd3 Qxd3 23. Qxd3 Rxd3 24. Nxe5 Nxe5 25. Rxe5 Rd1+ 26. Kh2 Bh4 27. Re2 Kg8 28.
Bb2 Rxa1 29. Bxa1 f3 30. gxf3 Rxf3 31. Kg2 Rd3 32. Re8+ Kf7 33. Rb8 Rd7 34. Bb2 Be7 35. Bc1 Bc5 36. Kf3 b6 37. Ke2 a5 38. Ra8 Re7+ 39. Be3 Bxe3 40. fxe3 Re6 41. c5 bxc5 42. Rxa5 c4 43. Kf3 Rf6+ 44. Kg4 Rg6+ 45. Kf5 Rf6+ 46.
Ke5 Rh6 47. Ra7+ Kg8 48. e4 Rxh3 49. Ke6 h6 50. e5 Rxc3 51. Ra8+ Kh7 52. Rc8 Rc1 53.
Ke7 c3 54. e6 c2 55. Rc3 h5 56. Rc5 g6 57. Rc7 Kh6 58. Rc8 Kg5 59. Rc5+ Kg4 60. Rc4+ Kg5 61. Rc5+ Kh6 62. Rc8 h4 63. Rc3 g5 64.
Ke8 Kh5 65. e7 g4 66. Rc5+ Kh6 67. Rc6+ Kh7 68. Rc4 Kh6 69. Rxg4 Re1 70. Rxh4+ Kg7 71. Rc4 1-0

[Event "Early-Titled-Tuesday-Blitz-April-16-2024"]
[Site "Chess.com"]
[Date "2024.04.16"]
[Round "11"]
[White "Attacker_2006"]
[Black "viktorskliarov"]
[Result "1/2-1/2"]
[WhiteElo "2465"]
[BlackElo "2610"]
[TimeControl "180+1"]
[EndTime "10:13:25 PDT"]
[Termination "Game drawn by repetition"]

1. e4 c5 2. Nc3 Nc6 3. f4 g6 4. Nf3 Bg7 5. Bc4 e6 6. f5 Nge7 7. fxe6 dxe6 8. O-O O-O 9. d3 Na5 10. Bb3 Nxb3 11. axb3 e5 12. Bg5 f6 13. Be3 b6 14.
Qe1 Be6 15. Ra3 a5 16. Ra1 Nc6 17. Qf2 Nd4 18. Rac1 Qd6 19. Nd2 Rab8 20. Nc4 Qc7 21. Bd2 Nc6 22. Ne3 Nb4 23. h4 h5 24. Qg3 Kh7 25.
Nb5 Qd7 26. Na3 b5 27. Nb1 Na2 28. Rce1 a4 29. bxa4 bxa4 30. Nc3 Rxb2 31. Ncd5 Nb4 32. Bc3 Ra2 33. Bxb4 cxb4 34. Nxb4 Rb2 35. c3 a3 36.
Rf2 Ra8 37. Nbd5 Qd8 38. Kh2 Rxf2 39. Qxf2 a2 40. Ra1 f5 41. Rxa2 Rxa2 42. Qxa2 Qxh4+ 43. Kg1 fxe4 44. dxe4 Qe1+ 45. Nf1 Qxe4 46. Nf6+ Bxf6 47. Qxe6 Qf5 48. Qf7+ Bg7 49. Qd5 e4 50. Qd2 Be5 51. c4 Qf4 52. Qe1 Bd4+ 53. Kh1 e3 54. Qe2 Kh6 55. g3 Qe4+ 56. Kg1 Bc5 57. Nh2 Qb1+ 58. Kg2 Qe4+ 59. Nf3 g5 60. Qb2 Kg6 61. Qh8 g4 62. Qg8+ Kf6 63. Qg5+ Kf7 64. Qxh5+ Kg8 65. Qg5+ Kf7 66.
Qh5+ Kg8 67. Qg5+ Kh7 68. Qh5+ Kg8 1/2-1/2

[Event "Early-Titled-Tuesday-Blitz-April-16-2024"]
[Site "Chess.com"]
[Date "2024.04.16"]
[Round "11"]
[White "FREDERICKtheMATE"]
[Black "Ramil_Faizrakhmanov"]
[Result "0-1"]
[WhiteElo "2707"]
[BlackElo "2910"]
[TimeControl "180+1"]
[EndTime "10:13:27 PDT"]
[Termination "Ramil_Faizrakhmanov won by checkmate"]

1. d4 Nf6 2. c4 e6 3. Nf3 d5 4. Nc3 Bb4 5. Qa4+ Nc6 6. e3 O-O 7. Bd2 dxc4 8. Bxc4 Bd6 9. Qc2 e5 10. dxe5 Nxe5 11. Nxe5 Bxe5 12. f4 Bxc3 13. Bxc3 Re8 14. O-O Qe7 15. Bd4 b6 16. Bb5 Bd7 17. Bc6 Rad8 18.
Rac1 Ng4 19. Rf3 h5 20. h3 Nh6 21. Rg3 Nf5 22. Bxd7 Qxd7 23. Rg5 Nxd4 24. exd4 Qxd4+ 25. Kh1 Qxf4 26. Rf5 Qg3 27. Rcf1 Rd7 28. Qc4 Qg6 29. b4 Re1 30. Rxf7 Qxf7 31. Qxf7+ Rxf7 32. Rxe1 Kf8 33. Re5 g6 34. Re6 Kg7 35. Rc6 Rd7 36. b5 Kh6 37. h4 Rd4 38. g3 Rd1+ 39. Kh2 Rd2+ 40. Kh3 Rxa2 41. Rxc7 Ra5 42. Rd7 Rxb5 43. Rxa7 Rb2 44.
Rb7 b5 45. Rb6 Kg7 46. Rb7+ Kf6 47. Rb6+ Kf5 48. Rb8 b4 49. Rb5+ Ke4 50. Rb6 b3 51. Rb8 Rb1 52. Kh2 Kd3 53. Rb6 Kc3 54. Rxg6 Rd1 55. Rc6+ Kb4 56. Rb6+ Kc4 57. Rb8 Rd5 58. Kh3 Rb5 59. Rc8+ Kd3 60. Rc1 b2 61. Rb1 Kc2 62. Rxb2+ Kxb2 63. g4 Rb3+ 64. Kg2 hxg4 65. h5 Rh3 66. h6 Rxh6 67. Kg3 Rg6 68. Kg2 g3 69. Kg1 g2 70. Kh2 g1=Q+ 71. Kh3 Qg3# 0-1

[Event "Early-Titled-Tuesday-Blitz-April-16-2024"]
[Site "Chess.com"]
[Date "2024.04.16"]
[Round "11"]
[White "NajdorfPlayerc5"]
[Black "karinachess1"]
[Result "1/2-1/2"]
[WhiteElo "2430"]
[BlackElo "2608"]
[TimeControl "180+1"]
[EndTime "10:13:29 PDT"]
[Termination "Game drawn by stalemate"]

1. a3 e5 2. e4 Nf6 3. Nc3 d5 4. exd5 Nxd5 5. Nxd5 Qxd5 6. d3 Nc6 7. Nf3 Be7 8. Be2 O-O 9. O-O h6 10. Be3 Bg4 11. h3 Bh5 12. Nd2 Bxe2 13. Qxe2 Rfe8 14. c4 Qe6 15. b4 b6 16. Rfe1 Rad8 17. Rad1 Bf8 18.
Qf1 Qf5 19. Ne4 Nd4 20. Bxd4 Rxd4 21. Ng3 Qd7 22. Re3 f6 23. Ne2 Rd6 24. Nc3 c6 25. Ne4 Rd4 26. Rg3 Kh8 27. Qe2 Qf7 28. Nd2 Red8 29. Nf3 R4d6 30. Nh4 Rd4 31. Ng6+ Kh7 32. h4 a5 33. h5 axb4 34. axb4 Bxb4 35. Qf3 Qd7 36. Ra1 Bc5 37. Qe2 b5 38. cxb5 cxb5 39. Rb1 b4 40. Rc1 Bb6 41. Qa2 Rxd3 42. Rxd3 Qxd3 43. Qf7 Qd2 44. Rf1 Bc5 45. Qc7 Qd6 46. Qf7 Qd5 47. Qc7 b3 48. Nh4 b2 49. Nf5 Qd7 50.
Qxc5 Qxf5 51. Qb6 Rd2 52. Qb4 Qc2 53. Kh2 f5 54. Qb7 f4 55. Re1 Rxf2 56. Kh1 Rxg2 57. Qxg2 b1=Q 58. Rxb1 Qxb1+ 59. Kh2 Qf5 60. Qf3 e4 61. Qh3 Qxh3+ 62. Kxh3 g6 63. Kg4 gxh5+ 64. Kxf4 Kg6 65. Kxe4 Kg5 66. Kf3 Kh4 67. Kg2 Kg4 68.
Kh1 Kh3 69. Kg1 h4 70. Kh1 Kg3 71. Kg1 h3 72. Kh1 Kh4 73. Kg1 Kg4 74. Kh1 h5 75. Kh2 Kh4 76. Kh1 Kg3 77. Kg1 Kh4 78. Kh1 Kg4 79. Kg1 Kf3 80. Kh1 Kg3 81. Kg1 h4 82.
Kh1 h2 1/2-1/2

[Event "Early-Titled-Tuesday-Blitz-April-16-2024"]
[Site "Chess.com"]
[Date "2024.04.16"]
[Round "11"]
[White "NovakRatko"]
[Black "JACK_BAU3R"]
[Result "0-1"]
[WhiteElo "2352"]
[BlackElo "2003"]
[TimeControl "180+1"]
[EndTime "10:13:29 PDT"]
[Termination "JACK_BAU3R won by resignation"]

1. d4 d5 2. c4 e6 3. cxd5 exd5 4. Nc3 c6 5. f3 Bb4 6. a3 Ba5 7. b4 Bc7 8. g3 h6 9. e4 dxe4 10. fxe4 Nf6 11. Bc4 O-O 12. Nge2 Bg4 13. e5 Nd5 14. Nxd5 cxd5 15. Bb3 Bb6 16. Be3 Nc6 17. Qd3 Re8 18. Bc2 g6 19. Bxh6 Bxe2 20. Qxe2 Nxd4 21. Qg2 Rxe5+ 22.
Kd2 Re2+ 23. Qxe2 Nxe2 24. Kxe2 Qf6 25. Rhf1 Re8+ 26. Kd2 Qd4+ 27. Bd3 Qb2+ 28. Bc2 d4 29. Rae1 Rxe1 30. Rxe1 d3 31. Kxd3 Qxa3+ 32. Kc4 a5 33. Re8+ Kh7 34. Bd2 Qa2+ 35. Kd3 Qd5+ 36. Ke2 axb4 37.
Bd3 b3 38. Bc3 Bd4 39. Bxd4 Qxd4 40. Re7 Kg7 41. Rxb7 b2 42. Kd2 Qf2+ 43. Kc3 Qxh2 44. g4 Qe5+ 45. Kc2 Qd5 46. Rxb2 Qd4 47. g5 Qc5+ 48.
Kd2 Qxg5+ 49. Kc3 Qe5+ 50. Kc2 g5 51. Rb5 Qf4 52. Rf5 Qc7+ 53. Kd2 f6 54. Ke3 Qe7+ 55.
Kf3 Qd7 56. Be4 Qd6 57. Rd5 Qa3+ 58. Kg4 Qe3 59. Rd7+ Kf8 60. Bg6 Qf4+ 61. Kh3 Qh4+ 62. Kg2 Qg4+ 63. Kf2 Qxd7 64. Bf5 Qd6 65. Kf3 Qe5 66.
Be4 Ke7 67. Bg6 f5 68. Bxf5 Qxf5+ 0-1

[Event "Early-Titled-Tuesday-Blitz-April-16-2024"]
[Site "Chess.com"]
[Date "2024.04.16"]
[Round "11"]
[White "ljuks68"]
[Black "VacheH009"]
[Result "1/2-1/2"]
[WhiteElo "2395"]
[BlackElo "2593"]
[TimeControl "180+1"]
[EndTime "10:13:30 PDT"]
[Termination "Game drawn - insufficient material"]

1. e4 e6 2. d4 d5 3. Nc3 Nf6 4. Bg5 Bb4 5. e5 h6 6. Bd2 Bxc3 7. bxc3 Ne4 8. Qg4 g6 9. Bd3 Nxd2 10. Kxd2 c5 11.
Nf3 Nc6 12. Qf4 Qa5 13. dxc5 Qxc5 14. Nd4 Nxd4 15. Qxd4 Qxd4 16. cxd4 Bd7 17. f4 h5 18. a4 O-O-O 19. a5 Kb8 20. g3 h4 21. g4 h3 22.
Rhg1 a6 23. Rab1 Ka7 24. Rg3 Rc8 25. Bf1 Ba4 26. Rb2 Rh4 27. Ra3 Bc6 28. Be2 g5 29.
Ke3 Rg8 30. fxg5 Rxg5 31. Kf4 Rg7 32. Kg3 Rh6 33. Rf3 Be8 34. Rbb3 Ba4 35. Rb2 Rhg6 36. Rf4 Rh6 37. Bd3 Be8 38. Rb6 Bc6 39. Bxa6 Rh8 40. Bd3 Rc8 41. Rb1 Ba4 42. Rb2 Rc3 43. Kxh3 Bxc2 44.
Rxc2 Rxd3+ 45. Kg2 Ka6 46. h3 Kxa5 47. Rc7 b5 48.
Ra7+ Kb4 49. Raxf7 Rg8 50. Re7 Ra8 51. Rxe6 Ra2+ 52. Rf2 Raa3 53. Rh6 Rxd4 54. Re2 Rdd3 55. e6 Rg3+ 56. Kh2 Rge3 57. Rxe3 Rxe3 58. g5 d4 59. g6 d3 60. g7 d2 61. g8=Q d1=Q 62. Qg4+ Qxg4 63. hxg4 Kc5 64. Rh5+ Kc6 65. Rh6 Kd6 66.
Rh5 b4 67. Rb5 Kxe6 68. Rxb4 Kf6 69. Kg2 Kg5 70. Kf2 Ra3 71. Kg2 Kh4 72. Kf2 Rg3 73. g5+ Kh3 74. Rb5 Kh4 75. Rc5 Rxg5 76. Rc4+ Rg4 77. Rxg4+ Kxg4 1/2-1/2

[Event "Early-Titled-Tuesday-Blitz-April-16-2024"]
[Site "Chess.com"]
[Date "2024.04.16"]
[Round "11"]
[White "ValentunHulka"]
[Black "klercaku"]
[Result "0-1"]
[WhiteElo "2761"]
[BlackElo "2269"]
[TimeControl "180+1"]
[EndTime "10:13:32 PDT"]
[Termination "klercaku won by checkmate"]

1. a3 d5 2. e3 e6 3. d4 Nf6 4.
Nf3 Nbd7 5. Nbd2 c5 6. dxc5 Bxc5 7. b4 Be7 8. Bb2 O-O 9. c4 dxc4 10. Nxc4 Nb6 11. Qb3 Nxc4 12. Bxc4 a5 13. O-O axb4 14.
axb4 Bd7 15. Rfd1 Qb6 16. Rxa8 Rxa8 17. Bxf6 Ba4 18. Ra1 Bxb3 19. Rxa8+ Bf8 20. Be7 h6 21. Bxf8 Kh7 22. Bxb3 Qc6 23. h3 b6 24. Ra1 Kg8 25. b5 Qc3 26. Rb1 Kxf8 27. Nd4 Kg8 28. Nc6 Qd3 29. Rb2 Qc3 30. Rb1 Qd3 31. Ba2 Qc4 32. Nb4 Qc5 33. h4 Qxb5 34. g3 Qc5 35. Kg2 Qc3 36.
Rb3 Qc5 37. h5 Qb5 38. g4 Qc5 39. Rb2 Qb5 40. Kg3 Qa5 41. f3 Qa3 42. Rb3 Qc1 43. Kg2 Qd2+ 44. Kg3 Qd6+ 45. f4 Qd1 46. Kf2 Qd2+ 47. Kf3 Qe1 48. Rb2 Qf1+ 49. Rf2 Qd1+ 50. Kg3 Qg1+ 51. Kf3 Qh1+ 52. Ke2 Qa1 53. Kf3 Qc3 54. Nc2 Qc6+ 55. Kg3 Qh1 56. Nd4 Qg1+ 57. Kf3 Qd1+ 58. Kg2 Qa1 59. Nf3 Qc3 60. g5 b5 61.
gxh6 gxh6 62. Ne5 b4 63. Nf3 b3 64. Bb1 Qxe3 65. f5 exf5 66. Nh4 Qg5+ 67. Kh3 Qe3+ 68. Rf3 Qe1 69. Bxf5 Kf8 70. Rxb3 Qh1+ 71. Kg3 Qg1+ 72.
Ng2 Qc1 73. Rf3 Kg7 74. Bg4 Qc7+ 75. Kh3 f6 76. Nh4 Kf7 77. Nf5 Qc1 78. Rg3 Qh1# 0-1

[Event "Early-Titled-Tuesday-Blitz-April-16-2024"]
[Site "Chess.com"]
[Date "2024.04.16"]
[Round "11"]
[White "MatthewG-p4p"]
[Black "DenLaz"]
[Result "0-1"]
[WhiteElo "2868"]
[BlackElo "3109"]
[TimeControl "180+1"]
[EndTime "10:13:42 PDT"]
[Termination "DenLaz won by resignation"]

1. e4 c5 2. c3 d5 3. exd5 Qxd5 4.
d4 Nf6 5. Nf3 e6 6. Na3 a6 7.
Nc4 Nbd7 8. a4 cxd4 9. Qxd4 Bc5 10. Qh4 O-O 11. Be2 b6 12. O-O Bb7 13. Rd1 Qc6 14. Bf4 Rfd8 15. Bd3 Nf8 16. Nce5 Qe8 17.
Ng5 Ng6 18. Bxg6 fxg6 19. Qh3 Rxd1+ 20. Rxd1 Bc8 21. Qf3 Ra7 22. b4 Bf8 23. h4 Bb7 24. Qh3 Bc8 25. Be3 h6 26. Ngf3 Nd5 27. Bd4 Qxa4 28. Re1 Qe8 29. Qg3 Kh7 30. Nd2 Rc7 31. Ne4 a5 32. bxa5 bxa5 33. Qd3 a4 34. h5 Nf4 35.
hxg6+ Nxg6 36. Nd2 Be7 37. Ndf3 Bf6 38. Ra1 Bb7 39.
Nxg6 Qxg6 40. Qxg6+ Kxg6 41. Rxa4 Bxf3 42. gxf3 Bxd4 43.
cxd4 Kf6 44. Kg2 Rc2 45. Kg3 Rd2 46. Kg2 g5 47. Kg3 h5 48. Kg2 h4 49. Rb4 Kf5 50.
Ra4 Rd3 51. Rb4 Kf6 52. Ra4 Rc3 53. Rb4 Rc6 54. Ra4 Rd6 55. Rb4 Rd5 56. Kh3 Kf5 57. Rc4 Kf4 58. Kg2 h3+ 59. Kxh3 Kxf3 60. Ra4 Kxf2 61. Kg4 Ke3 62. Ra6 Rxd4+ 63. Kxg5 e5 64. Ra3+ Rd3 65. Ra4 e4 66. Kf5 Rd5+ 67. Kg4 Rd8 68.
Ra3+ Ke2 69. Ra2+ Rd2 70. Ra1 e3 71. Kg3 Rb2 72. Kg2 Kd3+ 73. Kf1 Kd2 74. Re1 Rb8 75.
Re2+ Kd3 76. Ra2 Rb1+ 77. Kg2 e2 78. Ra3+ Kc4 79. Ra2 e1=Q 0-1

[Event "Early-Titled-Tuesday-Blitz-April-16-2024"]
[Site "Chess.com"]
[Date "2024.04.16"]
[Round "11"]
[White "Donskov_AN"]
[Black "zverr1"]
[Result "1-0"]
[WhiteElo "2408"]
[BlackElo "2497"]
[TimeControl "180+1"]
[EndTime "10:13:53 PDT"]
[Termination "Donskov_AN won by checkmate"]

1. e4 d5 2. exd5 Qxd5 3. Nc3 Qa5 4. d4 Nf6 5. Bc4 Bf5 6. Nf3 Nc6 7. Bd2 O-O-O 8. d5 Nb4 9. Nd4 Qc5 10. Nxf5 Qxc4 11.
Ne3 Qh4 12. Qf3 Qh5 13. Qxh5 Nxh5 14. a3 Na6 15. b4 Nb8 16. g3 Nd7 17. Nb5 a6 18.
Nd4 Nhf6 19. c4 e6 20. dxe6 Ne5 21. Bc3 Rxd4 22. Bxd4 Nf3+ 23. Ke2 Nxd4+ 24. Kd3 Nxe6 25. f4 Be7 26. Nf5 Rd8+ 27. Kc2 Bf8 28. Rad1 g6 29. Rxd8+ Kxd8 30. Rd1+ Kc8 31. Ne3 c6 32. c5 Kc7 33.
Nc4 Ne4 34. Ne5 N4xc5 35. bxc5 Nxc5 36. Nxf7 b5 37. Ne5 a5 38. Rd4 Ne6 39. Re4 Kb6 40. Nxc6 Nc5 41. Re8 Bd6 42. Nd4 Na4 43. Kb3 Nc5+ 44.
Ka2 Na4 45. Re6 Kc5 46. Nb3+ Kd5 47. Re1 Bc7 48. Rd1+ Ke4 49. Rd7 Bb6 50. Rxh7 Nc3+ 51. Kb2 Nd5 52. Nd2+ Kd3 53. Nf3 Ke3 54. Ne5 Bd4+ 55.
Kc2 b4 56. axb4 axb4 57. Kb3 Ke4 58. Nxg6 Kf3 59. Ne7 Ne3 60. Kxb4 Nc2+ 61. Kc4 Ba1 62. Nd5 Kg2 63. Kd3 Ne1+ 64. Ke2 Nf3 65. Ne3+ Kh1 66. Kxf3 Bd4 67. Ng4 Kg1 68. h4 Kh1 69. h5 Kg1 70. Rh6 Kh1 71. Rg6 Kg1 72. h6 Kh1 73. h7 Kg1 74. Ne5 Kh1 75. Nf7 Kg1 76. g4 Kf1 77.
g5 Kg1 78. f5 Kh2 79. Kg4 Kg2 80. Kh5 Kh3 81. f6 Kg3 82. Nh6 Kf4 83. Rg7 Ke5 84. h8=Q Be3 85. Qh7 Kf4 86. Qg6 Bd4 87. Rf7 Kg3 88.
Nf5+ Kh3 89. Ng7 Be3 90. Ne6 Kg3 91. Re7 Bxg5 92. f7 Kh3 93. f8=Q Bxe7 94. Nf4+ Kh2 95. Qg2# 1-0

[Event "Early-Titled-Tuesday-Blitz-April-16-2024"]
[Site "Chess.com"]
[Date "2024.04.16"]
[Round "11"]
[White "MITerryble"]
[Black "ActorXu"]
[Result "1/2-1/2"]
[WhiteElo "3043"]
[BlackElo "2855"]
[TimeControl "180+1"]
[EndTime "10:15:00 PDT"]
[Termination "Game drawn by 50-move rule"]

1. Nf3 d5 2. c4 e6 3. b3 d4 4. Bb2 c5 5. e3 Nc6 6. a3 e5 7. exd4 exd4 8. d3 Nf6 9. Be2 Bd6 10.
O-O a5 11. Nbd2 O-O 12. Ng5 Bf5 13. Nge4 Nxe4 14. Nxe4 Bxe4 15. dxe4 Qh4 16. g3 Qxe4 17. Bf3 Qg6 18. Re1 Rfe8 19. Bd5 Rxe1+ 20. Qxe1 Ne5 21.
Bxb7 Rb8 22. Bd5 Rxb3 23. Bc1 h5 24. Qxa5 Rb1 25. Qa8+ Bf8 26. Be4 Rxa1 27. Bxg6 Rxc1+ 28. Kg2 Nxg6 29. Qd5 Ra1 30. Qxh5 Rxa3 31. Qd5 Rc3 32. h4 Ne7 33. Qxc5 d3 34. Qd4 Ra3 35. Qd7 Rc3 36. h5 Rxc4 37. Qxd3 Rc5 38. g4 Nd5 39. Qa6 Nf4+ 40. Kf3 Ne6 41. Qa8 Rc3+ 42. Ke4 Rc4+ 43. Kf3 Kh7 44. Qd5 Rd4 45. Qf5+ Kg8 46. Qa5 Rd3+ 47. Ke4 Rd4+ 48. Kf3 Bd6 49. g5 Rd3+ 50.
Ke4 Rd4+ 51. Kf3 Rf4+ 52. Ke2 Bf8 53. g6 fxg6 54. hxg6 Rf6 55. Qd5 Rxg6 56. f4 Rf6 57. f5 Rxf5 58. Qxe6+ Rf7 59. Ke3 Be7 60. Ke4 Bf6 61. Kf5 Kf8 62. Kg6 Re7 63. Qd5 Ke8 64. Qd6 Rd7 65. Qc6 Kd8 66. Kf5 Re7 67. Kg6 Re5 68. Kf7 Re7+ 69. Kf8 Re5 70. Qb7 Re7 71. Qd5+ Kc7 72. Kg8 Rd7 73. Qc5+ Kb7 74. Kh7 Rc7 75. Qb5+ Kc8 76. Kg6 Rd7 77. Kf5 Re7 78. Qb6 Kd7 79. Qb7+ Kd6 80. Qb4+ Kd7 81. Qb5+ Kd6 82. Qd3+ Kc6 83.
Qc2+ Kd6 84. Qd1+ Kc6 85. Qh1+ Kd6 86. Qh2+ Kc6 87. Qa2 Kd6 88. Kg6 Kc6 89. Qc4+ Kd6 90. Kf5 Re5+ 91. Kf4 Re7 92. Qb4+ Kc6 93. Qa4+ Kd6 94.
Qb5 Re5 95. Qb6+ Kd7 96. Kg4 Kc8 97. Qc6+ Kd8 98. Kf4 Ke7 99. Qc7+ Ke8 100. Kf3 Kf8 101. Qc8+ Ke7 102. Kf4 Kd6 103. Qf8+ Kd7 104. Qa8 Kc7 105. Qa7+ Kc6 106. Kf3 Kb5 107. Qc7 Kb4 108. Qc6 1/2-1/2